 Dungeon Crawl Stone Soup version 0.19-a0-188-ga21aea4 (webtiles) character file.

81 sveltemanboy the Slasher (level 4, -3/35 HPs)
             Began as a Demonspawn Abyssal Knight on May 23, 2016.
             Was a Believer of Lugonu.
             Slain by Jessica
             ... wielding a +7 club
              (4 damage)
             ... on level 2 of the Dungeon.
             The game lasted 00:04:32 (1642 turns).

sveltemanboy the Slasher (DsAK)                     Turns: 1642, Time: 00:04:33

Health: -3/35      AC:  5    Str: 13    XL:     4   Next: 19%
Magic:  5/5        EV: 15    Int: 18    God:    Lugonu [**....]
Gold:   97         SH:  0    Dex: 13    Spells: 0 memorised, 3 levels left

rFire  . . .     SeeInvis .     a - +1 falchion
rCold  . . .     Gourm    .     b - +0 leather armour
rNeg   . . .     Faith    .     (no shield)
rPois  .         Spirit   .     (no helmet)
rElec  .         Dismiss  .     (no cloak)
rCorr  .         Reflect  .     d - +0 pair of gloves
SustAt .         Harm     .     h - +0 pair of boots (curse)
MR     .....                    (no amulet)
Stlth  ++........               (no ring)
                                s - ring of stealth

@: brilliant, not resistant to hostile enchantments, unstealthy
A: repulsion field 2, mutation resistance 1, sturdy frame 1
a: Depart the Abyss, Bend Space, Renounce Religion


You were on level 2 of the Dungeon.
You worshipped Lugonu.
Lugonu was pleased with you.
You were not hungry.

You visited 1 branch of the dungeon, and saw 2 of its levels.
You visited the Abyss 1 time.

You collected 97 gold pieces.

Inventory:

Hand Weapons
 a - a +1 falchion (weapon)
Armour
 b - a +0 leather armour (worn)
 d - a +0 pair of gloves (worn)
 h - a cursed +0 pair of boots (worn)
Jewellery
 s - a ring of stealth (left hand)
Scrolls
 f - a scroll of blinking {unknown}
 g - a scroll of identify {unknown}
 i - a scroll of enchant armour {unknown}
 k - a scroll of amnesia {unknown}
 l - a scroll of immolation {unknown}
 m - 3 scrolls of teleportation {unknown}
Potions
 o - a potion of curing {unknown}
 p - a potion of resistance {unknown}
Comestibles
 c - a bread ration
 n - a slice of pizza
 r - a meat ration


   Skills:
 - Level 3.0 Fighting
 * Level 3.3 Long Blades
 + Level 2.4 Armour
 - Level 1.6 Dodging
 + Level 2.5 Invocations


You had 3 spell levels left.
You didn't know any spells.

Dungeon Overview and Level Annotations

Branches:
Dungeon (2/15)

Altars:

Annotations:
D:2 Jessica


Innate Abilities, Weirdness & Mutations

You are surrounded by a moderate repulsion field. (EV +3)
You are somewhat resistant to further mutation.
Your movements are slightly less encumbered by armour. (ER -2)


Message History

You closely miss Jessica.
Jessica is moderately wounded.
Jessica grins evilly.
Jessica gestures at you while chanting. You resist with some effort.
You barely miss Jessica.
Jessica is moderately wounded.
Jessica hits you with an enchanted club.
* * * LOW HITPOINT WARNING * * *
Drink which item? (? for menu, Esc to quit)
It was a potion of mutation.
You feel extremely strange.
You feel less encumbered by your armour.
You feel genetically stable.
Jessica hits you with an enchanted club.
* * * LOW HITPOINT WARNING * * *
Drink which item? (? for menu, Esc to quit)
It was a potion of brilliance.
You feel clever all of a sudden.
Jessica hits you with an enchanted club.
You die...

# .. .. .# ... .###
.... ... ..... ###.#
......#####...####.#
..###
.....@.=............
.....
###########@######..
...# #@# ######.##
#.......# #.......#
# #.......# #
#.......# #
#.......# #
.........# #
#........###########
#


You could see Jessica.

Vanquished Creatures
  Robin (D:2)
  2 oozes
  3 dart slugs
  3 giant cockroaches
  11 goblins
  7 hobgoblins
  4 jackals (D:1)
  9 kobolds
  A quokka (D:2)
  4 bats
  2 giant newts (D:1)
  7 rats
54 creatures vanquished.

Notes
Turn   | Place    | Note
--------------------------------------------------------------
     0 | Abyss:1  | sveltemanboy the Demonspawn Abyssal Knight began the quest for the Orb.
     0 | Abyss:1  | Reached XP level 1. HP: 18/18 MP: 2/2
    76 | Abyss:1  | Noticed a tentacled starspawn
    77 | D:1      | Escaped the Abyss
   106 | D:1      | Reached skill level 1 in Dodging
   306 | D:1      | Reached * piety under Lugonu
   415 | D:1      | Gained mutation: You are surrounded by a mild repulsion field. (EV +2) [demonic ancestry]
   415 | D:1      | Reached XP level 2. HP: 22/24 MP: 3/3
   674 | D:1      | Reached XP level 3. HP: 29/29 MP: 4/4
  1213 | D:2      | Noticed Robin
  1368 | D:2      | Killed Robin
  1381 | D:2      | Reached ** piety under Lugonu
  1384 | D:2      | Gained mutation: You are surrounded by a moderate repulsion field. (EV +3) [demonic ancestry]
  1384 | D:2      | Reached XP level 4. HP: 21/35 MP: 5/5
  1626 | D:2      | Noticed Jessica
  1641 | D:2      | Gained mutation: Your movements are slightly less encumbered by armour. (ER -2) [potion of mutation]
  1641 | D:2      | Gained mutation: You are somewhat resistant to further mutation. [potion of mutation]
  1641 | D:2      | HP: 1/35 [Jessica/enchanted club (5)]
  1642 | D:2      | Slain by Jessica

Vault maps used:
D:1:      dpeg_arrival_tiny_c, minmay_misc_feat_square
D:2:      uniq_robin, uniq_jessica, uniq_crazy_yiuf_cottage

Skill      XL: |  1  2  3 |
---------------+----------+-----
Long Blades    | 2 3 |  3.3
Armour         | 2 |  2.4
Dodging        | 1 |  1.6
Fighting       | |  3.0
Invocations    | |  2.5

Action                   |  1- 3 |  4- 6 || total
-------------------------+-------+-------++-------
Melee: Falchion          |   128 |    33 ||   161
Invok: Depart the Abyss  |     1 |       ||     1
  Use: Potion            |       |     2 ||     2
  Eat: Chunk             |     2 |     1 ||     3
Armor: Leather armour    |    29 |    13 ||    42
Dodge: Dodged            |    81 |    28 ||   109
